 Dungeon Crawl Stone Soup version 0.27.1-2-g3b301248ec (webtiles) character file.

Game seed: 12183143502542130435

135 Descartes the Ducker (level 4, -1/21 (24) HPs)
             Began as a Spriggan Wanderer on Oct 1, 2021.
             Slain by a necrophage (3 damage)
             ... on level 3 of the Dungeon.
             The game lasted 00:05:43 (4161 turns).

Descartes the Ducker (Spriggan Wanderer)            Turns: 4161, Time: 00:05:44

HP:   -1/21 (24)    AC:  4    Str:  8    XL:     4   Next: 96%
MP:   9/9           EV: 20    Int: 12    God:
Gold: 162           SH:  0    Dex: 22    Spells: 8/8 levels left

rFire    . . .     SeeInvis +   k - +0 dagger
rCold    . . .     Faith    .   (shield restricted)
rNeg     . . .     Spirit   .   b - +2 robe
rPois    .         Reflect  .   (helmet restricted)
rElec    .         Harm     .   (no cloak)
rCorr    .         Rampage  .   (gloves unavailable)
Will     .....                  (boots unavailable)
Stlth    +++.......             (no amulet)
HPRegen  0.07/turn              n - +6 ring of dexterity
MPRegen  0.11/turn              (no ring)

@: heavily drained, very quick
A: very small, no large weapons, unfitting armour, see invisible, speed 3
a: no special abilities


You were on level 3 of the Dungeon.
You visited 1 branch of the dungeon, and saw 4 of its levels.

You collected 162 gold pieces.

Inventory:

Hand Weapons
 a - a +0 mace
 k - a +0 dagger (weapon)
Missiles
 e - 41 arrows
 h - 5 stones (quivered)
 j - 46 sling bullets
 o - a throwing net
Armour
 b - a +2 robe (worn)
Jewellery
 n - a +6 ring of dexterity (left hand)
Scrolls
 d - 2 scrolls of silence {unknown}
 i - a scroll of fear {unknown}
 m - a scroll of identify {unknown}
Potions
 c - a potion of curing
 f - a potion of attraction {unknown}
 g - 2 potions of haste
 l - a potion of flight {unknown}


   Skills:
 - Level 3.2 Fighting
 + Level 0.9 Short Blades
 - Level 1.0 Maces & Flails
 + Level 4.8 Dodging
 + Level 4.5 Stealth
 + Level 2.6 Spellcasting
 - Level 1.3 Evocations


You had 8 spell levels left.
You didn't know any spells.
Your spell library contained the following spells:

 Spells                   Type           Power      Damage    Failure   Level
 Freezing Cloud           Conj/Ice/Air   0%         6-21      100%        5
 Simulacrum               Ice/Necr       0%         N/A       100%        6
 Polar Vortex             Ice            0%         N/A       100%        9


Dungeon Overview and Level Annotations

Branches:
Dungeon (4/15)
 Temple: D:4-7

Altars:
Sif Muna

Shops:
D:1 *

Annotations:
D:2 Sigmund


Innate Abilities, Weirdness & Mutations

You are very small and have problems with some larger weapons.
You are too small for most types of armour.
You have supernaturally acute eyesight. (SInv)
You cover ground extremely quickly. (Speed+++)


Message History

You are too injured to fight recklessly!
The orc priest looks encouraged for a moment.
There is a stone staircase leading up here.
You climb upwards.
There is a stone staircase leading down here.
HP restored.
Done exploring.
There is a stone staircase leading up here.
There is a stone staircase leading down here.
You climb downwards.
The orc shouts!
Found 12 gold pieces.
There is a stone staircase leading up here.
The orc hits you but does no damage.
You hit the orc.
The orc is moderately wounded.
The orc closely misses you.
You hit the orc.
The orc is severely wounded.
The orc hits you with a +0 war axe! The orc barely misses you.
You hit the orc.
You kill the orc!
The orc hits you with a +0 club. The orc hits you with a +0 hand axe.
The necrophage hits you.
You feel drained.
There is a stone staircase leading up here.
The orc misses you. The necrophage completely misses you.
You climb upwards.
There is a stone staircase leading down here.
You hit the necrophage but do no damage.
The necrophage barely misses you.
You barely miss the necrophage. The necrophage closely misses you.
You hit the necrophage.
The necrophage is lightly damaged.
The necrophage misses you.
You hit the necrophage but do no damage.
The necrophage is lightly damaged.
The necrophage hits you!
* * * LOW HITPOINT WARNING * * *
You feel drained.
You die...

##............# #...
##...........# #.#.
##....#.......######.#.
#......>...............
###....#.....<.######.#.
#..............#).......
#.#####o................
#.# #n########.#.##.#>
#.# #@# #....<##.#. #.#
#.# #.....##.#.
#.#####.# #........#.
#.......# #.....###..
####.##.# #.....# #.#
#.##.# #.#.#.# #.#
#.##.## #.#.#.# #.#
#.#...#####.#.#.###.#
#...#...............#


You could see a necrophage and an orc.

Vanquished Creatures
  Jessica (D:2)
  4 adders
  2 worms
  2 dart slugs
  4 orcs
  2 ball pythons
  4 endoplasms
  5 giant cockroaches
  4 goblins
  9 hobgoblins
  4 jackals (D:1)
  3 kobolds
  4 quokkas
  A bat (D:1)
  3 frilled lizards
  2 rats (D:3)
54 creatures vanquished.

Vanquished Creatures (others)
  5 toadstools (D:1)
5 creatures vanquished.

Grand Total: 59 creatures vanquished

Notes
Turn   | Place    | Note
-------+----------+-------------------------------------------
     0 | D:1      | Descartes the Spriggan Wanderer began the quest for the
                  | Orb.
     0 | D:1      | Descartes set off with the following items: a +0 mace, a +2
                  | robe, a potion of curing
     0 | D:1      | Reached XP level 1. HP: 12/12 MP: 2/2
   393 | D:1      | Reached XP level 2. HP: 11/16 MP: 3/3
   505 | D:1      | Found Meejid's Assorted Antiques.
   977 | D:2      | Reached skill level 1 in Spellcasting
  1020 | D:2      | Noticed Jessica
  1028 | D:2      | Killed Jessica
  1029 | D:2      | Reached XP level 3. HP: 2/20 MP: 4/6
  1403 | D:2      | Noticed Sigmund
  1463 | D:2      | Reached XP level 4. HP: 18/24 MP: 6/8
  1542 | D:2      | Found a shimmering blue altar of Sif Muna.
  1542 | D:2      | Found a faded altar of an unknown god.
  4143 | D:4      | Noticed a necrophage
  4161 | D:3      | Slain by a necrophage

Illustrated notes

Levels and vault maps discovered:
D:1:      ldierk_walled_garden, layout_rooms, serial_shops, shop_statue
D:2:      layout_basic, basic_altar, basic_ecumenical_altar, uniq_sigmund,
          uniq_jessica
D:3:      layout_loops_ring
D:4:      layout_basic, minmay_misc_feat_alley

Skill      XL: |  1  2  3  4 |
---------------+-------------+-----
Stealth        | 2 3 4 |  4.5
Dodging        | 4 |  4.8
Spellcasting   | 1 2 |  2.6
Fighting       | |  3.2
Short Blades   | |  0.9
Maces & Flails | |  1.0
Evocations     | |  1.3

Action                   |  1- 3 |  4- 6 || total
-------------------------+-------+-------++-------
Melee: Mace              |   104 |    54 ||   158
       Dagger            |       |   159 ||   159
 Stab: Sleeping          |     3 |     3 ||     6
       Distracted        |       |     2 ||     2
Armor: Robe              |    16 |    22 ||    38
Dodge: Dodged            |   134 |   184 ||   318
